 Dungeon Crawl Stone Soup version 0.29.1-2-gbd0b4ee654 (webtiles) character file.

Game seed: 13717078534539038482

40 xian the Chopper (level 3, -10/34 HPs)
             Began as a Naga Chaos Knight on Oct 29, 2022.
             Was a Plaything of Xom.
             Mangled by Sigmund
             ... wielding a +0 scythe
              (17 damage)
             ... on level 2 of the Dungeon.
             The game lasted 00:04:17 (1186 turns).

xian the Chopper (Naga Chaos Knight)                Turns: 1186, Time: 00:04:17

Health: -10/34     AC:  4    Str: 16    XL:     3   Next: 50%
Magic:  12/12      EV:  9    Int: 18    God:    Xom [..*...]
Gold:   48         SH:  0    Dex: 10    Spells: 2/2 levels left

rFire   . . .      SeeInvis +   a - +0 hand axe (chaos)
rCold   . . .      Faith    .   (no shield)
rNeg    . . .      Spirit   .   b - +2 leather armour
rPois   +          Reflect  .   (no helmet)
rElec   .          Harm     .   (no cloak)
rCorr   .          Rampage  .   (no gloves)
Will    .....                   (no barding)
Stlth   +.........              (no amulet)
HPRegen 0.11/turn               h - ring of magical power
MPRegen 0.13/turn               i - +6 ring of intelligence

@: short of breath, very slow
A: AC +1, large, see invisible, deformed body, poison resistance, slowness 2,
spit poison 1, naga tail 1
a: Spit Poison, Renounce Religion


You were on level 2 of the Dungeon.
You worshipped Xom.
You were a toy of Xom.
You visited 1 branch of the dungeon, and saw 2 of its levels.

You collected 48 gold pieces.

Inventory:

Hand Weapons
 a - a +0 hand axe of chaos (weapon)
Missiles
 e - a datura-tipped dart
Armour
 b - a +2 leather armour (worn)
 k - a +0 pair of boots
Jewellery
 h - a ring of magical power (left hand)
 i - a +6 ring of intelligence (right hand)
Scrolls
 g - a scroll of silence {unknown}
Potions
 d - a potion of lignification {unknown}
 f - a potion of flight {unknown}
Miscellaneous
 c - a piece from Xom's chessboard (15/15) (quivered)


   Skills:
 + Level 3.5 Fighting
 + Level 3.6 Axes
 + Level 2.0 Armour
 + Level 0.9 Dodging


You had 2 spell levels left.
You didn't know any spells.
Your spell library was empty.

Dungeon Overview and Level Annotations

Branches:
Dungeon (2/15)

Altars:
Okawaru

Annotations:
D:2 Sigmund


Innate Abilities, Weirdness & Mutations

Your serpentine skin is tough. (AC +1)
You have supernaturally acute eyesight. (SInv)
Armour fits poorly on your strangely shaped body.
Your system is resistant to poisons. (rPois)
You cover ground very slowly.
You can spit poison.
You have a snake-like lower body.


Message History

You are too confused!
It was a potion of curing.
You feel better.
Xom thinks this is hilarious!
Sigmund barely misses you.
Throw: 3 darts (datura)
Press: ? - help, Q - select action, (/) - cycle Shift-Dir - straight line, f - Sigmund
Aim: Sigmund, wielding a +0 scythe and wearing a +0 robe (unusually resistant, ally target, 52% to hit, chance to frenzy on hit: 75%)
You throw a datura-tipped dart. The datura-tipped dart hits Sigmund.
Sigmund flies into a frenzy!
Xom thinks this is hilarious!
Sigmund barely misses your butterfly. Sigmund barely misses you.
You hit Sigmund.
Sigmund is lightly wounded.
Sigmund hits your butterfly with a +0 scythe!
Your butterfly dies!
Your butterfly disappears in a puff of smoke!
Unknown command.
You closely miss Sigmund.
Sigmund is lightly wounded.
Sigmund misses you. Sigmund hits you with a +0 scythe!
* * * LOW HITPOINT WARNING * * *
Unknown command.
Okay, then.
Throw: 2 darts (datura)
Press: ? - help, Q - select action, (/) - cycle Shift-Dir - straight line, f/p - Sigmund
Aim: Sigmund, wielding a +0 scythe and wearing a +0 robe (lightly wounded, fast, strong, frenzied and insane, unusually resistant, ally target, 52% to hit, immune)
You throw a datura-tipped dart. The datura-tipped dart hits Sigmund.
Sigmund resists.
Sigmund is lightly wounded.
Sigmund barely misses you.
Aiming: Spit Poison (2% risk of failure)
Press: ? - help, Shift-Dir - straight line, f/p - Sigmund
Aim: Sigmund, wielding a +0 scythe and wearing a +0 robe (lightly wounded, fast, strong, frenzied and insane, unusually resistant, ally target, 54% to hit)
The splash of poison hits Sigmund.
Sigmund is poisoned.
Sigmund is moderately wounded.
Sigmund hits you with a +0 scythe!
Ouch! That really hurt!
You die...
Xom howls with laughter!

..#..#....................
.....#....................
†.........†..........###+#
......#..............###
.._..................... w
.....##..<.....b.....###
.....##...b.....b....#
.##.###..............#
.##.# #........@@....# .#
.# #....>.........# ##
#..............#
#..............#
.!...............
#################


You could see the neutral Sigmund (fast, strong, insane, resistant, poisoned,
ally target).

Vanquished Creatures
  2 adders (D:2)
  A worm (D:2)
  A ball python (D:1)
  4 endoplasms (D:1)
  2 giant cockroaches
  2 jackals (D:1)
  A quokka (D:1)
  2 bats (D:1)
  2 goblins (D:1)
  2 kobolds (D:1)
19 creatures vanquished.

Notes
Turn   | Place    | Note
-------+----------+-------------------------------------------
     0 | D:1      | xian the Naga Chaos Knight began the quest for the Orb.
     0 | D:1      | Reached XP level 1. HP: 21/21 MP: 1/1
   170 | D:1      | Reached XP level 2. HP: 16/28 MP: 2/2
   316 | D:1      | Found a faded altar of an unknown god.
   457 | D:1      | XOM: divination: magic mapping
  1006 | D:2      | Found an iron altar of Okawaru.
  1034 | D:2      | Reached XP level 3. HP: 24/34 MP: 3/3
  1141 | D:2      | XOM: enchant monster (bad)
  1169 | D:2      | Noticed Sigmund
  1172 | D:2      | XOM: butterfly on damage
  1176 | D:2      | XOM: divination: detect creatures
  1186 | D:2      | Mangled by Sigmund

Illustrated notes

Levels and vault maps discovered:
D:1:      lightli_arrival_isolated_outpost, layout_loops_ring,
          ebering_ecumenical_altar_mist
D:2:      layout_basic, basic_altar, uniq_jessica, uniq_sigmund

Skill      XL: |  1  2  3 |
---------------+----------+-----
Armour         | 2 |  2.0
Fighting       | |  3.5
Axes           | |  3.6
Dodging        | |  0.9

Action                   || total
-------------------------++-------
Melee: Hand axe          ||    79
Throw: Dart              ||     2
 Abil: Spit Poison       ||     1
  Use: Potion            ||     1
Armor: Leather armour    ||    33
Dodge: Dodged            ||    45
